 Dungeon Crawl Stone Soup version 0.27.0-1-g7a089689b8 (webtiles) character file.

Game seed: 9679777208999637501

77 deadmanwalking the Twirler (level 4, -7/37 HPs)
             Began as a Minotaur Gladiator on July 31, 2021.
             Mangled by a sickly merfolk siren (17 damage)
             ... in a sewer.
             The game lasted 00:05:46 (2236 turns).

deadmanwalking the Twirler (Minotaur Gladiator)     Turns: 2236, Time: 00:05:47

Health: -7/37      AC:  7    Str: 19    XL:     4   Next: 13%
Magic:  3/3        EV: 11    Int:  5    God:
Gold:   101        SH:  0    Dex: 12    Spells: 3/3 levels left

rFire    . . .     SeeInvis .   a - +0 quarterstaff
rCold    . . .     Faith    .   (shield currently unavailable)
rNeg     . . .     Spirit   .   n - +0 ring mail
rPois    .         Reflect  .   c - +1 hat
rElec    .         Harm     .   l - +0 cloak
rCorr    .         Rampage  .   (no gloves)
Will     .....                  (no boots)
Stlth    +.........             (no amulet)
HPRegen  0.12/turn              (no ring)
MPRegen  0.08/turn              (no ring)

@: attractive
A: horns 2, retaliatory headbutt
a: no special abilities


You were in a sewer.
You visited 1 branch of the dungeon, and saw 3 of its levels.
You also visited: Sewer.

You collected 101 gold pieces.

Inventory:

Hand Weapons
 a - a +0 quarterstaff (weapon)
 p - a +0 rapier of venom
Missiles
 b - 17 bolts
 d - 3 throwing nets
 g - 26 stones (quivered)
 h - 27 arrows
 i - 48 sling bullets
Armour
 c - a +1 hat (worn)
 l - a +0 cloak (worn)
 n - a +0 ring mail (worn)
Magical Staves
 e - a staff of conjuration
Jewellery
 j - a ring of fire
Potions
 f - a potion of resistance
 k - a potion of lignification
 m - a potion of flight
 o - a potion of attraction
 q - a potion of magic {unknown}


   Skills:
 - Level 2.4 Fighting
 + Level 6.1 Staves
 - Level 2.0 Throwing
 - Level 3.2 Dodging


You had 3 spell levels left.
You didn't know any spells.
Your spell library contained the following spells:

 Spells                   Type           Power      Damage    Failure   Level
 Call Canine Familiar     Summ           0%         N/A       95%         3
 Portal Projectile        Hex/Tloc       0%         N/A       95%         3
 Leda's Liquefaction      Hex/Erth       0%         N/A       100%        4


Dungeon Overview and Level Annotations

Branches:
Dungeon (3/15)              Sewer (1/1)

Altars:


Innate Abilities, Weirdness & Mutations

You have a pair of horns on your head.
You reflexively headbutt those who attack you in melee.


Message History

You sock the rat!
You kill the rat!
No target in view!
A frilled lizard and a rat come into view.
The frilled lizard hisses angrily.
A rat and a merfolk siren come into view.
The sickly merfolk siren shouts!
You hear an angry hiss.
A ball python comes into view.
A frilled lizard comes into view.
The sickly merfolk siren chants a haunting song.
You resist with some effort.
A rat comes into view.
The ball python hisses angrily.
Found 6 gold pieces.
The frilled lizard unfolds its giant frill.
You see here a rat corpse.
The sickly merfolk siren hits you from afar with a +0 spear!
You hit the frilled lizard.
The frilled lizard is heavily wounded.
The frilled lizard bites you.
The sickly merfolk siren barely misses you.
You miss the frilled lizard.
Your headbutt misses the frilled lizard.
The frilled lizard is heavily wounded.
The frilled lizard barely misses you.
The sickly merfolk siren completely misses you.
You barely miss the frilled lizard. You headbutt the frilled lizard.
You kill the frilled lizard!
The sickly merfolk siren chants a haunting song.
You resist with some effort.
You thump the rat!
You kill the rat!
The sickly merfolk siren hits you from afar with a +0 spear!
* * * LOW HITPOINT WARNING * * *
You sock the ball python!
You kill the ball python!
The sickly merfolk siren closely misses you.
It was a potion of attraction.
You feel attractive to monsters.
The sickly merfolk siren hits you from afar with a +0 spear!
You die...

## ...# ≈≈...
≈≈≈...#######
≈≈≈≈≈.mSl..r#
≈≈≈≈≈r≈r≈##l#
###≈###≈≈≈#@# #### ..
###m≈≈#############..#
$ #≈≈≈≈≈≈≈≈≈≈≈≈≈†.†≈..
##########≈≈≈≈≈≈≈≈≈≈
#############
#∩∩≈≈≈≈......
###≈≈≈.###### ##≈.##
####


You could see a sickly merfolk siren, a frilled lizard and a rat.

Vanquished Creatures
  2 adders
  A dart slug (D:1)
  8 ball pythons
  2 endoplasms (D:1)
  3 giant cockroaches
  4 hobgoblins
  4 jackals (D:2)
  4 kobolds
  2 quokkas
  4 bats
  5 frilled lizards
  3 goblins (D:1)
  15 rats
57 creatures vanquished.

Vanquished Creatures (others)
  5 plants (D:1)
5 creatures vanquished.

Grand Total: 62 creatures vanquished

Notes
Turn   | Place    | Note
-------+----------+-------------------------------------------
     0 | D:1      | deadmanwalking the Minotaur Gladiator began the quest for
                  | the Orb.
     0 | D:1      | Reached XP level 1. HP: 18/18 MP: 0/0
    81 | D:1      | Reached skill level 4 in Staves
    95 | D:1      | Reached XP level 2. HP: 13/25 MP: 1/1
   447 | D:1      | Noticed a golden eye
   449 | D:1      | Found a faded altar of an unknown god.
   451 | D:1      | Noticed a great orb of eyes
   452 | D:1      | Noticed a floating eye
   452 | D:1      | Noticed a golden eye
   674 | D:1      | You fall into a shaft and drop 1 floor!
   728 | D:2      | Reached skill level 5 in Staves
  1363 | D:2      | Reached XP level 3. HP: 30/30 MP: 2/2
  2131 | D:3      | Found a glowing drain.
  2135 | Sewer    | Entered a sewer
  2149 | Sewer    | Reached XP level 4. HP: 37/37 MP: 3/3
  2156 | Sewer    | Reached skill level 6 in Staves
  2236 | Sewer    | Mangled by a sickly merfolk siren

Illustrated notes

Levels and vault maps discovered:
D:1:      roderic_crop_circles_arrival_small, layout_loops_ring,
          hellmonk_ecumenical_altar_watching_god
D:2:      layout_loops_cross, minmay_misc_feat_diagonals
D:3:      layout_loops_ring, gup_sewer_entry_spiral
Sewer:    sewer_sea

Skill      XL: |  1  2  3  4 |
---------------+-------------+-----
Staves         | 4 5 6 |  6.1
Fighting       | |  2.4
Throwing       | |  2.0
Dodging        | |  3.2

Action                   |  1- 3 |  4- 6 || total
-------------------------+-------+-------++-------
Melee: Quarterstaff      |    95 |    19 ||   114
       Headbutt          |    12 |     4 ||    16
  Use: Scroll            |     7 |       ||     7
       Potion            |       |     1 ||     1
Armor: Leather armour    |    16 |       ||    16
       Ring mail         |    22 |     2 ||    24
Dodge: Dodged            |    56 |     8 ||    64
